 Dungeon Crawl Stone Soup version 0.30-a0-365-ge7f957f1db (webtiles) character file.

Game seed: 8299167528381063878

15 Manisia the Ducker (level 2, 23/23 HPs)
             Began as a Gnoll Wanderer on Nov 17, 2022.
             Quit the game on level 1 of the Dungeon.
             The game lasted 00:00:51 (408 turns).

Manisia the Ducker (Gnoll Wanderer)                  Turns: 408, Time: 00:00:52

Health: 23/23      AC:  3    Str:  9    XL:     2   Next: 50%
Magic:  4/7        EV: 13    Int: 14    God:
Gold:   0          SH:  0    Dex: 10    Spells: 9/10 levels left

rFire   . . .      SeeInvis .    a - +0 dagger
rCold   . . .      Faith    .    (no shield)
rNeg    . . .      Spirit   .    e - +0 leather armour
rPois   .          Reflect  .    (no helmet)
rElec   .          Harm     .    (no cloak)
rCorr   .          Rampage  .    (no gloves)
Will    .....                    (no boots)
Stlth   +.........               (no amulet)
HPRegen 0.23/turn                (no ring)
MPRegen 0.10/turn                (no ring)

@: no status effects
A: fangs 1, strong nose, distributed training
a: no special abilities


You were on level 1 of the Dungeon.
You visited 1 branch of the dungeon, and saw 1 of its levels.

Inventory:

Hand Weapons
 a - a +0 dagger (weapon)
Missiles
 b - 4 throwing nets
Armour
 e - a +0 leather armour (worn)
Scrolls
 c - a scroll of teleportation
 g - a scroll of blinking {unknown}
 i - a scroll of magic mapping {unknown}
Potions
 d - a potion of haste
 f - a potion of magic {unknown}
 h - a potion of flight {unknown}


   Skills:
 + Level 2.5 Fighting
 + Level 0.5 Short Blades
 + Level 0.5 Long Blades
 + Level 0.5 Axes
 + Level 0.5 Maces & Flails
 + Level 0.5 Polearms
 + Level 0.5 Staves
 + Level 0.5 Ranged Weapons
 + Level 0.5 Throwing
 + Level 2.5 Armour
 + Level 6.5 Dodging
 + Level 0.5 Stealth
 + Level 0.5 Shields
 + Level 0.5 Unarmed Combat
 + Level 4.9 Spellcasting
 + Level 0.3 Conjurations
 + Level 0.3 Hexes
 + Level 0.3 Summonings
 + Level 0.3 Necromancy
 + Level 0.3 Translocations
 + Level 0.3 Transmutations
 + Level 0.3 Fire Magic
 + Level 0.3 Ice Magic
 + Level 0.3 Air Magic
 + Level 0.3 Earth Magic
 + Level 5.3 Poison Magic
 + Level 0.6 Invocations
 + Level 0.5 Evocations


You had 9 spell levels left.
You knew the following spells:

 Your Spells              Type           Power      Damage    Failure   Level
a - Sting                 Tmut/Pois      44%        1d5       8%          1

Your spell library contained the following spells:

 Spells                   Type           Power      Damage    Failure   Level
 Mephitic Cloud           Conj/Pois/Air  9%         N/A       30%         3


Dungeon Overview and Level Annotations

Branches:
Dungeon (1/15)

Altars:


Innate Abilities, Weirdness & Mutations

You have very sharp teeth.
Your uncanny sense of smell can sniff out nearby items.
Your experience applies equally to all skills.


Message History

The sting hits the giant cockroach but does no damage.
The giant cockroach looks even sicker.
The giant cockroach is moderately wounded.
The giant cockroach closely misses you.
A giant cockroach is nearby!
You closely miss the giant cockroach.
The giant cockroach is heavily wounded.
The giant cockroach misses you.
You hit the giant cockroach.
You kill the giant cockroach!
No target in view!
You see here a giant cockroach corpse.
A bat comes into view.
Found a glowing whip.
A bat is nearby!
A bat is nearby!
The bat closely misses you. The bat hits you but does no damage.
The sting hits the bat.
The bat is poisoned.
The bat is severely wounded.
You kill the bat!
No target in view!
You see here a +0 whip of electrocution.
Found a leather armour.
An endoplasm comes into view.
The endoplasm quivers.
The sting hits the endoplasm.
The endoplasm partially resists.
The endoplasm is poisoned.
The endoplasm is lightly wounded.
The endoplasm hits you but does no damage.
You barely miss the endoplasm.
You bite the endoplasm, but do no damage.
The endoplasm is lightly wounded.
The endoplasm closely misses you.
The sting hits the endoplasm.
The endoplasm partially resists.
The endoplasm is severely wounded.
The endoplasm misses you.
The sting hits the endoplasm.
The endoplasm partially resists.
The endoplasm looks even sicker.
You kill the endoplasm!
Are you sure you want to abandon this character and quit the game? (Confirm with "yes".)

...#
#.....#.........#.#
...#
#.....#.........#.#
#.....#........##†#
#########.#######.#
##### #.# #.#
.....####.## #.#
........[..# #.#
...........# #.#
.......@...# #.#
...........#### #.#
.....####.#...###.#
.... #.#.#.##..###
... ....#)......#
.. .#.######.#### #
#.#.# #.# # #.# #.#
.. #.#


There were no monsters in sight!

Vanquished Creatures
  A dart slug (D:1)
  2 ball pythons (D:1)
  2 bats (D:1)
  An endoplasm (D:1)
  A giant cockroach (D:1)
  A goblin (D:1)
  A hobgoblin (D:1)
  A frilled lizard (D:1)
  2 kobolds (D:1)
12 creatures vanquished.

Notes
Turn   | Place    | Note
-------+----------+-------------------------------------------
     0 | D:1      | Manisia the Gnoll Wanderer began the quest for the Orb.
     0 | D:1      | Manisia set off with the following items: a +0 dagger, 4
                  | throwing nets, a scroll of teleportation, a potion of
                  | haste, a +0 leather armour; and the following spell
                  | memorised: Sting; and the following spells available to
                  | memorise: Mephitic Cloud.
     0 | D:1      | Reached XP level 1. HP: 17/17 MP: 6/6
   207 | D:1      | Reached XP level 2. HP: 18/23 MP: 3/7
   408 | D:1      | Quit the game

Illustrated notes

Levels and vault maps discovered:
D:1:      elethiomel_arrival_maze, layout_basic, minmay_unequal

Action                   || total
-------------------------++-------
Melee: Dagger            ||     7
       Bite              ||     2
       Punch             ||     1
Throw: Throwing net      ||     1
 Cast: Sting             ||    20
Armor: Leather armour    ||     2
Dodge: Dodged            ||     9

Table legend: (Time is in decaauts)
 A = Elapsed time spent in this place.
 B = Non-inter-level travel time spent in this place.
 C = Inter-level travel time spent in this place.
 D = Time resting spent in this place.
 E = Time spent auto-exploring this place.
 F = Levels seen in this place.
 G = Mean time per level.
                   A        B        C        D        E       F      G
               +--------+--------+--------+--------+--------+-----+--------+
         Total |    407 |    407 |      0 |      0 |    343 |   1 |  407.0 |
       Dungeon |    407 |    407 |      0 |      0 |    343 |   1 |  407.0 |
               +--------+--------+--------+--------+--------+-----+--------+

Top non-repeatable levels by time:
     D:1: 407 daAuts
